 Dungeon Crawl Stone Soup version 0.30-a0-722-g3e6e8c874d (webtiles) character file.

Game seed: 11252163070553550954

264 IdlyInterested the Cutter (level 5, -7/41 HPs)
             Began as a Demonspawn Monk on Jan 27, 2023.
             Mangled by GilGalad's ghost (11 damage)
             ... on level 3 of the Dungeon.
             The game lasted 00:11:21 (2979 turns).

IdlyInterested the Cutter (Demonspawn Monk)         Turns: 2979, Time: 00:11:22

Health: -7/41      AC:  9    Str: 11    XL:     5   Next: 98%
Magic:  5/5        EV: 11    Int: 15    God:
Gold:   144        SH:  0    Dex: 18    Spells: 4/4 levels left

rFire   . . .      SeeInvis .    a - +0 short sword (drain)
rCold   . . .      Faith    .    (no shield)
rNeg    . . .      Spirit   .    b - +0 ring mail
rPois   .          Reflect  .    q - +0 helmet
rElec   .          Harm     .    g - +0 cloak
rCorr   .          Rampage  .    d - +1 pair of gloves
Will    .....                    (no boots)
Stlth   ++                       j - amulet of magic regeneration
HPRegen 0.26/turn                (no ring)
MPRegen 0.49/turn                (no ring)

@: mighty, slowed, very slow
A: big brain 2, weakness stinger 1
a: no special abilities


You were on level 3 of the Dungeon.
You visited 1 branch of the dungeon, and saw 3 of its levels.

You collected 144 gold pieces.

Inventory:

Hand Weapons
 a - a +0 short sword of draining (weapon)
 p - a +0 short sword of speed
Missiles
 e - 5 stones (quivered)
Armour
 b - a +0 ring mail (worn)
 d - a +1 pair of gloves (worn)
 g - a +0 cloak (worn)
 q - a +0 helmet (worn)
 r - a +0 leather armour
Jewellery
 j - an amulet of magic regeneration (around neck)
Scrolls
 s - a scroll of summoning {unknown}
Potions
 h - a potion of cancellation
 i - 2 potions of mutation
 n - a potion of curing
 o - a potion of brilliance


   Skills:
 - Level 3.0 Fighting
 * Level 5.4 Short Blades
 - Level 2.0 Throwing
 + Level 0.3 Armour
 - Level 3.0 Dodging
 - Level 2.0 Stealth


You had 4 spell levels left.
You didn't know any spells.
Your spell library contained the following spells:

 Spells                   Type           Power      Damage    Failure   Level
 Ensorcelled Hibernation  Hex/Ice        0%         N/A       69%         2
 Passwall                 Tmut/Erth      0%         N/A       69%         2
 Frozen Ramparts          Ice            0%         1d1       89%         3
 Portal Projectile        Hex/Tloc       0%         N/A       89%         3
 Swiftness                Air            0%         N/A       89%         3
 Tukima's Dance           Hex            0%         N/A       89%         3
 Ice Form                 Ice/Tmut       0%         N/A       100%        4
 Summon Ice Beast         Ice/Summ       0%         N/A       100%        4
 Blade Hands              Tmut           0%         N/A       100%        5


Dungeon Overview and Level Annotations

Branches:
Dungeon (3/15)

Altars:

Annotations:
D:3 GilGalad's ghost, novice GnFi


Innate Abilities, Weirdness & Mutations

You have an extremely huge brain. (Int +4)
You have a small tail.


Message History

The kobold brigand hits you but does no damage.
You blink.
You hit the kobold.
You kill the kobold!
The kobold hits you with a +0 short sword.
Throw: 6 stones
Press: ? - help, Q - select action Shift-Dir - straight line, f/p - kobold brigand
Aim: a kobold brigand, wielding a +2 whip of distortion and quivering curare-tipped darts (moderately wounded, 56% to hit)
You throw a stone.
The stone hits the kobold brigand but does no damage.
The kobold brigand is moderately wounded.
The kobold misses you. The kobold attacks as you move away!
The kobold hits you with a +0 short sword.
The kobold attacks as you move away! The kobold closely misses you.
The kobold attacks as you move away!
The kobold hits you with a +0 short sword.
The kobold throws a stone.
The stone hits you but does no damage.
The kobold throws a stone.
The stone misses you.
GilGalad's ghost says, "You can hit me, but you can't hurt me."
The kobold brigand throws a curare-tipped dart.
The curare-tipped dart hits you.
You are poisoned.
You have difficulty breathing.
* * * LOW HITPOINT WARNING * * *
You feel yourself slow down.
You feel very sick.
GilGalad's ghost attacks as you move away!
GilGalad's ghost barely misses you.
You feel sick.
You feel better. GilGalad's ghost hits you.
GilGalad's ghost hits you but does no damage.
It was a potion of might.
You feel very mighty all of a sudden. GilGalad's ghost hits you!
* * * LOW HITPOINT WARNING * * *
You completely miss GilGalad's ghost. GilGalad's ghost barely misses you.
You hit GilGalad's ghost.
GilGalad's ghost is lightly damaged.
GilGalad's ghost hits you!
You die...

#....#....# ###.. #########
######....# #.... ..>.....##
#....####.### ######...#
#....#......)
#...############....#.##...#
##.............'.......#...#
###...#########....####...#
########...########.....).....)#
#.....##..KKKKW@....#########..#
##.....##....K#####..# #..#
.......##.###....###.#########..#
.....#.K..# ####.###).).....>#...
..<..'....######.....#######.#...
.....#..K............# #.#..#
.....#...K...........#######.#..#
.....#..ยง............#..>....####
.....#.............#...#####.##


You could see a kobold brigand, GilGalad's ghost and 4 kobolds.

Vanquished Creatures
  A black bear (D:3)
  An orc priest (D:3)
  An orc wizard (D:3)
  Robin (D:3)
  2 adders (D:3)
  A worm (D:3)
  2 dart slugs (D:2)
  2 orcs (D:3)
  7 endoplasms
  4 giant cockroaches
  12 goblins
  9 hobgoblins
  2 jackals (D:3)
  5 quokkas
  8 ball pythons
  7 bats
  A frilled lizard (D:3)
  11 kobolds
  A rat (D:3)
78 creatures vanquished.

Notes
Turn   | Place    | Note
-------+----------+-------------------------------------------
     0 | D:1      | IdlyInterested the Demonspawn Monk began the quest for the
                  | Orb.
     0 | D:1      | Reached XP level 1. HP: 18/18 MP: 1/1
    81 | D:1      | Reached skill level 3 in Short Blades
   172 | D:1      | Gained mutation: You have an unusually large brain. (Int
                  | +2) [demonic ancestry]
   172 | D:1      | Reached XP level 2. HP: 24/24 MP: 2/2
   421 | D:1      | Gained mutation: You have a small tail. [demonic ancestry]
   421 | D:1      | Reached XP level 3. HP: 26/29 MP: 3/3
  1927 | D:3      | Reached skill level 4 in Short Blades
  1927 | D:3      | Reached skill level 1 in Throwing
  1927 | D:3      | Reached XP level 4. HP: 7/35 MP: 4/4
  2221 | D:3      | Gained mutation: You have an extremely huge brain. (Int +4)
                  | [demonic ancestry]
  2221 | D:3      | Reached XP level 5. HP: 41/41 MP: 5/5
  2326 | D:3      | Noticed a black bear
  2340 | D:3      | Killed a black bear
  2341 | D:3      | Reached skill level 5 in Short Blades
  2472 | D:3      | Found a runed translucent gate.
  2473 | D:3      | Found a runed translucent gate.
  2485 | D:3      | Found a runed translucent gate.
  2489 | D:3      | Noticed GilGalad's ghost (novice GnFi)
  2690 | D:3      | Noticed Robin
  2727 | D:3      | Killed Robin
  2979 | D:3      | Mangled by GilGalad's ghost

Illustrated notes

Levels and vault maps discovered:
D:1:      mrwooster_arrival_statue_2, layout_basic
D:2:      layout_loops_corners, serial_park_tiny_2, kennysheep_generic_room_6
D:3:      layout_basic, gammafunk_ghost_nasty_kobolds, bh_walls_and_bars,
          uniq_robin

Skill      XL: |  1  2  3  4  5 |
---------------+----------------+-----
Short Blades   | 3 4 5 |  5.4
Dodging        | 3 |  3.0
Stealth        | 2 |  2.0
Throwing       | 1 2 |  2.0
Fighting       | |  3.0
Armour         | |  0.3

Action                     |  1- 3 |  4- 6 || total
---------------------------+-------+-------++-------
  Melee: Short sword       |   188 |   113 ||   301
         Punch             |     8 |     3 ||    11
         Tailslap          |     9 |    20 ||    29
  Throw: Dart              |       |     9 ||     9
         Javelin           |       |     3 ||     3
         Stone             |       |     2 ||     2
         Throwing net      |       |     1 ||     1
    Use: Scroll            |     8 |     1 ||     9
         Potion            |       |     4 ||     4
   Stab: Sleeping          |    10 |     2 ||    12
 Armour: Robe              |    19 |       ||    19
         Leather armour    |    11 |    38 ||    49
         Ring mail         |       |    32 ||    32
  Dodge: Dodged            |   114 |    76 ||   190

Table legend: (Time is in decaauts)
 A = Elapsed time spent in this place.
 B = Non-inter-level travel time spent in this place.
 C = Inter-level travel time spent in this place.
 D = Time resting spent in this place.
 E = Time spent auto-exploring this place.
 F = Levels seen in this place.
 G = Mean time per level.
                   A        B        C        D        E       F      G
               +--------+--------+--------+--------+--------+-----+--------+
         Total |   2924 |   2642 |    282 |    250 |   1585 |   3 |  974.7 |
       Dungeon |   2924 |   2642 |    282 |    250 |   1585 |   3 |  974.7 |
               +--------+--------+--------+--------+--------+-----+--------+

Top non-repeatable levels by time:
     D:3: 1060 daAuts
     D:2: 1022 daAuts
     D:1: 841 daAuts
